 Dungeon Crawl Stone Soup version 0.21.1-1-g345015f (webtiles) character file.

214 Kagorn the Skirmisher (level 5, -1/53 HPs)
             Began as a Troll Fighter on July 16, 2018.
             Slain by an orc
             ... wielding a +0 flail
              (5 damage)
             ... on level 3 of the Dungeon.
             The game lasted 00:07:43 (1597 turns).

Kagorn the Skirmisher (Troll Fighter)               Turns: 1597, Time: 00:07:44

Health: -1/53      AC:  5    Str: 24    XL:     5   Next: 59%
Magic:  4/4        EV:  8    Int:  4    God:
Gold:   123        SH:  9    Dex: 10    Spells: 4/4 levels left

rFire    . . .     SeeInvis .   a - +0 long sword
rCold    . . .     Gourm    +   c - +0 shield
rNeg     . . .     Faith    .   b - +0 robe
rPois    .         Spirit   .   (helmet restricted)
rElec    .         Reflect  .   (no cloak)
rCorr    .         Harm     .   (gloves unavailable)
MR       .....                  (boots unavailable)
Stlth    +.........             (no amulet)
HPRegen  0.57/turn              (no ring)
MPRegen  0.09/turn              (no ring)

@: lethally poisoned (-1 -> -1)
A: large, unfitting armour, claws 3, fast metabolism 3, gourmand, regeneration
1, shaggy fur 1, tough skin 2
a: no special abilities


You were on level 3 of the Dungeon.
You were not hungry.

You visited 1 branch of the dungeon, and saw 3 of its levels.

You collected 123 gold pieces.

Inventory:

Hand Weapons
 a - a +0 long sword (weapon)
 j - a +1 whip of electrocution
Missiles
 q - 6 needles of confusion
Armour
 b - a +0 robe (worn)
 c - a +0 shield (worn)
Jewellery
 l - an uncursed ring of see invisible {unknown}
 m - an uncursed ring of protection from magic {unknown}
Scrolls
 d - 3 scrolls of teleportation {unknown}
 e - a scroll of amnesia {unknown}
 h - 3 scrolls of remove curse {unknown}
 i - a scroll of magic mapping {unknown}
 n - 3 scrolls of identify {unknown}
 p - a scroll of enchant armour {unknown}
Potions
 g - 2 potions of flight
Comestibles
 f - 6 rations


   Skills:
 * Level 3.5 Fighting
 * Level 2.9 Long Blades
 + Level 1.4 Armour
 + Level 2.9 Dodging
 + Level 2.9 Shields


You had 4 spell levels left.
You didn't know any spells.

Dungeon Overview and Level Annotations

Branches:
Dungeon (3/15)

Altars:


Innate Abilities, Weirdness & Mutations

You are too large for most types of armour.
You have claws for hands.
Your metabolism is lightning-fast.
You like to eat raw meat.
Your natural rate of healing is unusually fast.
You are covered in fur. (AC +1)
You have very tough skin. (AC +2)


Message History

The adder bites you.
* * * LOW HITPOINT WARNING * * *
You feel sick. The adder bites you but does no damage.
Things that are here:
3 chunks of flesh; a goblin skeleton You see here a chunk of flesh.
You feel sick. The adder barely misses you.
The adder bites you but does no damage.
A goblin comes into view. It is wielding a club.
The goblin shouts!
You block the adder's attack.
You feel sick. The adder closely misses you. The goblin hits you with a club.
* * * LOW HITPOINT WARNING * * *
Found a robe.
Found a stone staircase leading down.
The adder bites you but does no damage. The adder barely misses you.
You riposte.
You miss the adder. You block the goblin's attack.
You feel sick. The orc hits you with a flail.
You die...

...... ..## .>>....#[# #..#
.# .. .........# #..# (. ...
#.......## #..# .# ....###.#
#....####..###.#
..#..#.?###.##.).........#
.............)........##
#.#...g.(....<.......#
#....o.@..%..........##
#....So..%.........[..##
..##......................#
...........................#
............................
................#...........
........#########..........#
......### ##.<..........#
...... ................#


You could see an adder, 2 orcs and a goblin.

Vanquished Creatures
  An ice beast (D:2)
  An orc priest (D:3)
  4 adders
  An ooze (D:3)
  A dart slug (D:2)
  2 orcs
  2 giant cockroaches
  6 hobgoblins
  7 kobolds
  2 ball pythons
  2 bats
  3 frilled lizards
  7 goblins
  8 rats
47 creatures vanquished.

Notes
Turn   | Place    | Note
-------+----------+-------------------------------------------
     0 | D:1      | Kagorn the Troll Fighter began the quest for the Orb.
     0 | D:1      | Reached XP level 1. HP: 22/22 MP: 0/0
   286 | D:1      | Reached XP level 2. HP: 28/29 MP: 1/1
   581 | D:1      | You fall through a shaft!
   651 | D:2      | Noticed an ice beast
   663 | D:2      | Reached XP level 3. HP: 36/36 MP: 2/2
   693 | D:2      | Killed an ice beast
   693 | D:2      | Reached skill level 3 in Fighting
   693 | D:2      | Reached skill level 1 in Armour
   693 | D:2      | Reached XP level 4. HP: 16/45 MP: 3/3
   811 | D:2      | Reached XP level 5. HP: 52/53 MP: 4/4
  1597 | D:3      | Slain by an orc

Skill      XL: |  1  2  3 |
---------------+----------+-----
Long Blades    | 2 |  2.9
Fighting       | 3 |  3.5
Armour         | 1 |  1.4
Dodging        | |  2.9
Shields        | |  2.9

Action                   |  1- 3 |  4- 6 || total
-------------------------+-------+-------++-------
Melee: Long sword        |    76 |    89 ||   165
  Use: Potion            |     5 |     2 ||     7
 Stab: Sleeping          |       |     1 ||     1
  Eat: Chunk             |    12 |     4 ||    16
Armor: Robe              |    32 |    35 ||    67
Dodge: Dodged            |    28 |    56 ||    84
Block: Shield            |    36 |    72 ||   108
       Rpst.: Long sword |     8 |    15 ||    23
